 Dungeon Crawl Stone Soup version 0.31-a0-764-g8440623082 (webtiles) character file.

Game seed: 4177919634377605699

35 Ijustatesigmund the Firebug (level 3, 0/18 HPs)
             Began as a Deep Elf Fire Elementalist on Sept 15, 2023.
             Slain by a quokka (2 damage)
             ... on level 3 of the Dungeon.
             The game lasted 00:03:33 (2360 turns).

Ijustatesigmund the Firebug (DEFE)                  Turns: 2360, Time: 00:03:33

Health: 0/18       AC:  2    Str:  5    XL:     3   Next: 17%
Magic:  10/10      EV: 12    Int: 21    God:
Gold:   76         SH:  0    Dex: 15    Spells: 6/9 levels left

rFire   + . .        d - +1 spear (vamp)
rCold   + . .        (no shield)
rNeg    . . .        a - +0 robe
rPois   +            (no helmet)
rElec   +            (no cloak)
rCorr   +            (no gloves)
SInv    .            (no boots)
Will    .....        (no amulet)
Stlth   ++           (no ring)
HPRegen 0.23/turn    (no ring)
MPRegen 0.12/turn

%: no passive effects
@: resistant
A: frail 1
a: no special abilities


You were on level 3 of the Dungeon.
You visited 1 branch of the dungeon, and saw 3 of its levels.

You collected 76 gold pieces.

Inventory:

Hand Weapons
 d - a +1 vampiric spear (weapon)
Armour
 a - a +0 robe (worn)
Jewellery
 n - a ring of ice
Wands
 l - a wand of flame (11)
Scrolls
 c - 2 scrolls of teleportation {unknown}
 g - a scroll of brand weapon {unknown}
 i - a scroll of enchant armour {unknown}
 m - a scroll of identify {unknown}
Potions
 b - a potion of magic
 e - a potion of ambrosia
 h - 2 potions of resistance


   Skills:
 + Level 1.0 Fighting
 - Level 2.4 Dodging
 - Level 2.4 Stealth
 + Level 3.5 Spellcasting
 + Level 2.0 Conjurations
 + Level 3.7 Fire Magic


You had 6 spell levels left.
You knew the following spells:

 Your Spells              Type           Power      Damage    Failure   Level
a - Foxfire               Conj/Fire      60%        2x1d7     3%          1
b - Scorch                Fire           38%        2d6       4%          2

Your spell library contained the following spells:

 Spells                   Type           Power      Damage    Failure   Level
 Sting                    Tmut/Pois      12%        1d3       13%         1
 Inner Flame              Hex/Fire       11%        N/A       17%         3
 Volatile Blastmotes      Fire/Tloc      22%        2d11      17%         3
 Ensorcelled Hibernation  Hex/Ice        6%         N/A       19%         2
 Summon Guardian Golem    Hex/Summ       3%         N/A       36%         3
 Flame Wave               Conj/Fire      15%        2d7       36%         4
 Starburst                Conj/Fire      7%         6d4       99%         6
 Plasma Beam              Fire/Air       5%         2x1d16    100%        6
 Orb of Destruction       Conj           6%         9d6       100%        7
 Spellforged Servitor     Conj/Summ      3%         N/A       100%        7


Dungeon Overview and Level Annotations

Branches:
Dungeon (3/15)

Altars:
Trog

Annotations:
D:3 Grinder, Ijyb


Innate Abilities, Weirdness & Mutations

You are frail. (-10% HP)


Message History

The endoplasm freezes you.
You are frozen.
You resist. The rat bites you. The quokka barely misses you.
You hit the rat.
The rat is moderately wounded.
You feel less confused. The endoplasm hits you. The rat bites you.
* * * LOW HITPOINT WARNING * * *
The quokka bites you.
* * * LOW HITPOINT WARNING * * *
It was a potion of mutation.
You feel extremely strange.
You feel frail.
The quokka twitches its whiskers.
The quokka closely misses you. The endoplasm closely misses you.
The rat closely misses you.
It was a potion of heal wounds.
You feel much better. The quokka closely misses you. The endoplasm hits you.
The rat closely misses you. The quokka bites you.
It was a potion of curing.
You feel better.
Ijyb zaps a wand.
You resist with some effort. The endoplasm closely misses you.
The rat bites you. The quokka closely misses you.
You barely miss Ijyb.
Ijyb is lightly wounded.
Ijyb hits you with a +0 club! The endoplasm hits you.
The rat barely misses you. The quokka bites you.
You closely miss Ijyb.
Ijyb is lightly wounded.
Ijyb barely misses you. The quokka barely misses you.
The endoplasm hits you but does no damage.
The rat bites you but does no damage. Ijyb closely misses you.
You hit Ijyb but do no damage.
Ijyb is lightly wounded.
The quokka bites you.
* * * LOW HITPOINT WARNING * * *
The endoplasm barely misses you. The rat closely misses you.
The quokka bites you.
* * * LOW HITPOINT WARNING * * *
Ijyb closely misses you.
The endoplasm hits you but does no damage.
The quokka bites you.
You die...

.# ... #.### #.# ...####
#.#.#####.## .......
#..........# .......
#..........# .......
#..........#
.......##g.........#####
.......#r...#..........#
.......@rJ.>............
.......##.#.............
....... #..........####.
..........#.#####.## #.
..........#.# ##...####.
######....#.###.....##..
#.)..#.##.......##.
#....#......_......
#....####.......#..


You could see Ijyb, an endoplasm, a quokka and a rat.

Vanquished Creatures
  A worm (D:2)
  A dart slug (D:3)
  An orc (D:3)
  3 endoplasms
  3 goblins
  2 hobgoblins (D:1)
  A quokka (D:1)
  6 ball pythons
  4 bats
  3 frilled lizards
  5 rats
30 creatures vanquished.

Vanquished Creatures (others)
  59 foxfires
59 creatures vanquished.

Grand Total: 89 creatures vanquished

Notes
Turn   | Place    | Note
-------+----------+-------------------------------------------
     0 | D:1      | Ijustatesigmund the Deep Elf Fire Elementalist began the
                  | quest for the Orb.
     0 | D:1      | Reached XP level 1. HP: 10/10 MP: 6/6
   238 | D:1      | Reached XP level 2. HP: 16/16 MP: 6/8
   245 | D:1      | Learned a level 2 spell: Scorch
  1902 | D:3      | Noticed Grinder
  1909 | D:2      | Reached XP level 3. HP: 19/20 MP: 1/10
  2288 | D:3      | Reached skill level 1 in Fighting
  2294 | D:3      | Got Sif Muna's Discursus on the Unclean Faeries
  2313 | D:3      | Found a bloodstained altar of Trog.
  2333 | D:3      | Noticed Ijyb
  2353 | D:3      | HP: 1/20 [quokka (4)]
  2354 | D:3      | Gained mutation: You are frail. (-10% HP) [potion of
                  | mutation]
  2360 | D:3      | Slain by a quokka

Illustrated notes

Levels and vault maps discovered:
D:1:      dpeg_arrival_renting, layout_basic, chequers_serial_rivers_small_b
D:2:      layout_basic, kennysheep_cross_room
D:3:      layout_basic, lemuel_round_altar,
          shapermc_ecumenical_altar_notcrosses, uniq_ijyb, uniq_grinder

Skill      XL: |  1  2  3 |
---------------+----------+-----
Fighting       | 1 |  1.0
Conjurations   | 2 |  2.0
Dodging        | |  2.4
Stealth        | |  2.4
Spellcasting   | |  3.5
Fire Magic     | |  3.7

Action                     || total
---------------------------++-------
  Melee: Spear             ||    17
   Cast: Foxfire           ||    36
         Scorch            ||    10
    Use: Potion            ||     5
   Stab: Sleeping          ||     1
 Armour: Robe              ||    25
  Dodge: Dodged            ||    42

Table legend: (Time is in decaauts)
 A = Elapsed time spent in this place.
 B = Non-inter-level travel time spent in this place.
 C = Inter-level travel time spent in this place.
 D = Time resting spent in this place.
 E = Time spent auto-exploring this place.
 F = Levels seen in this place.
 G = Mean time per level.
                   A        B        C        D        E       F      G
               +--------+--------+--------+--------+--------+-----+--------+
         Total |   2363 |   2286 |     77 |    290 |   1728 |   3 |  787.7 |
       Dungeon |   2363 |   2286 |     77 |    290 |   1728 |   3 |  787.7 |
               +--------+--------+--------+--------+--------+-----+--------+

Top non-repeatable levels by time:
     D:2: 1326 daAuts
     D:1: 899 daAuts
     D:3: 136 daAuts
